AoeStats
← PiscoCAPEL777

Nomad

507136475Analyzed
3v3 RM · 16d ago on Sep 16, 2026· 55m 50s· 6 players
Game mode
Random Map
Map size
210×210
Population
200
Speed
Normal
Resources
Standard
Victory
Conquest
Starting age
Dark Age
Ending age
Imperial Age
RankedLock teamsTeams togetherTeam positionsShared explorationLock speedFull tech treeHidden civsTurbo modeCheats
Victory
Defeat
🇨🇱 Dravidians · Chile
994
+15
🇨🇱 Cumans · Chile
962
+16
🇨🇱 Huns · Chile
952
+17
🇫🇷 Persians · France
991
-16
🇳🇱 Inca · Netherlands
983
-17
🇦🇷 Franks · Argentina
947
-15
PiscoCAPEL777
14:23 Feudal Age
28:37 Horse Collar
33:46 Castle Age
31:41 Fletching
33:56 Bloodlines
35:36 Bodkin Arrow
39:11 Thumb Ring
46:51 Scale Barding Armor
50:52 Imperial Age
50:20 Chain Barding Armor
53:54 Chemistry
53:45 Parthian Tactics
55:34 Ballistics
56:00 Steppe Husbandry
ivakke
5:49 Loom
16:30 Feudal Age
16:16 Loom
17:04 Double-Bit Axe
17:08 Fishing Lines
18:07 Man-at-Arms
18:59 Arson
23:30 Castle Age
22:07 Scale Mail Armor
22:17 Forging
24:57 Bow Saw
25:00 Medium Warships
25:02 Squires
24:22 Pikeman
24:23 Long Swordsman
24:52 Gambesons
29:37 Husbandry
36:15 Wheelbarrow
35:32 Gillnets
37:46 Iron Casting
37:26 Chain Mail Armor
39:20 Hand Cart
46:37 Imperial Age
45:50 Chain Mail Armor
47:46 Wootz Steel
47:48 Conscription
46:51 Two-Handed Swordsman
46:52 Halberdier
48:52 Champion
51:07 Blast Furnace
50:38 Plate Mail Armor
52:23 Chemistry
54:31 Gold Mining
nicovc00
13:55 Loom
16:14 Feudal Age
17:29 Fishing Lines
22:45 Castle Age
20:45 Gold Mining
20:55 Fletching
21:52 Forging
21:40 Double-Bit Axe
22:56 Padded Archer Armor
26:02 Gold Shaft Mining
25:46 Bow Saw
27:21 Bodkin Arrow
27:42 Leather Archer Armor
30:12 Crossbowman
31:49 Thumb Ring
31:37 Horse Collar
33:03 Wheelbarrow
34:33 Marauders
35:09 Forging
35:05 Scale Barding Armor
35:25 Heavy Plow
35:47 Hand Cart
41:04 Stone Mining
42:20 Ballistics
44:47 Imperial Age
43:30 Bloodlines
42:41 Light Cavalry
43:27 Husbandry
46:55 Chemistry
45:21 Elite Tarkan
46:24 Atheism
sarfaoui4
7:40 Loom
13:13 Feudal Age
18:16 Castle Age
16:24 Double-Bit Axe
16:57 Forging
17:43 Scale Barding Armor
17:44 Fishing Lines
26:32 Wheelbarrow
34:03 Bow Saw
42:07 Bloodlines
42:29 Horse Collar
43:45 Husbandry
lacheisleuk
4:19 Loom
6:07 Loom
18:24 Feudal Age
18:46 Champi Runner
19:12 Arson
19:14 Double-Bit Axe
19:10 Horse Collar
20:13 Wheelbarrow
19:24 Town Watch
20:03 Gold Mining
20:04 Stone Mining
23:29 Castle Age
22:35 Fletching
22:45 Scale Mail Armor
22:56 Forging
22:47 Padded Archer Armor
22:40 Fishing Lines
25:32 Gillnets
25:53 Medium Warships
25:59 Squires
26:06 Pikeman
27:39 Thumb Ring
27:54 Bow Saw
27:45 Heavy Plow
28:16 Champi Warrior
30:26 Gold Shaft Mining
30:29 Hand Cart
29:39 Crossbowman
36:47 Stone Shaft Mining
36:23 Elite Skirmisher
37:44 Bodkin Arrow
41:16 Imperial Age
40:15 Andean Sling
40:26 Town Patrol
42:29 Conscription
44:08 Crop Rotation
44:11 Murder Holes
43:57 Treadmill Crane
45:03 Bracer
44:57 Halberdier
48:40 Hoardings
49:44 Masonry
51:27 Heavy Warships
52:37 Arbalester
55:07 Fabric Shields
AFBSXLE
14:58 Feudal Age
18:21 Wheelbarrow
17:34 Double-Bit Axe
20:37 Scale Barding Armor
26:48 Castle Age
28:45 Man-at-Arms
29:11 Gambesons
29:27 Squires
30:13 Hand Cart
31:04 Pikeman
32:41 Husbandry
37:57 Forging
37:48 Scale Mail Armor
Connection lost

Rejoining the realm…

Still unreachable

The connection could not be restored.

Session expired

The server has moved on; the page needs a fresh start.